TOP OF THE 1ST |
Washington Nationals batting - Pitching for Chicago Cubs : RHP Nate Jackson
|
Pitching: RHP Nate Jackson
|
|
Batting: SHB Andrew Wray II
|
0-0: Ball 1-0: Ground out 5-3 (Groundball, 56S, EV 68.8 MPH)
|
Batting: RHB Luis Torres
|
0-0: Ball 1-0: Called Strike 1-1: Ball 2-1: Foul Ball, location: 2F 2-2: Ball 3-2: Foul Ball, location: 2F 3-2: Strikes out looking
|
Batting: RHB C.J. Beavers
|
0-0: Foul Ball, location: 2F 0-1: Foul Ball, location: 2F 0-2: Ground out 4-3 (Groundball, 4, EV 105.0 MPH)
|
Top of the 1st over - 0 runs, 0 hits, 0 errors, 0 left on base; Washington 0 - Chicago 0 |
BOTTOM OF THE 1ST |
Chicago Cubs batting - Pitching for Washington Nationals : RHP Reece Nichols
|
Pitching: RHP Reece Nichols
|
|
Batting: RHB Yasuhide Kasahara
|
0-0: SINGLE (Groundball, 6D, EV 96.3 MPH)
|
Batting: LHB Kevin Norton
|
0-0: Ball 1-0: Called Strike 1-1: Ball 2-1: Fly out, F4 (Line Drive, 4, EV 67.5 MPH)
|
Batting: RHB Efrain Vargas
|
0-0: Called Strike 0-1: Grounds into double play, 6-4-3 (Groundball, 6, EV 90.0 MPH)
|
Bottom of the 1st over - 0 runs, 1 hit, 0 errors, 0 left on base; Washington 0 - Chicago 0 |
TOP OF THE 2ND |
Washington Nationals batting - Pitching for Chicago Cubs : RHP Nate Jackson
|
Batting: LHB Seth Cook
|
0-0: Foul Ball, location: 2F 0-1: Foul Ball, location: 2F 0-2: Ball 1-2: Foul Ball, location: 2F 1-2: Ball 2-2: Foul Ball, location: 2F 2-2: Strikes out swinging
|
Batting: LHB Armando Carbajal
|
0-0: Swinging Strike 0-1: Called Strike 0-2: Ball 1-2: Strikes out looking
|
Batting: RHB Tommy Baird
|
0-0: Ball 1-0: Fly out, F3 (Popup, 3SF, EV 70.6 MPH)
|
Top of the 2nd over - 0 runs, 0 hits, 0 errors, 0 left on base; Washington 0 - Chicago 0 |
BOTTOM OF THE 2ND |
Chicago Cubs batting - Pitching for Washington Nationals : RHP Reece Nichols
|
Batting: RHB Josh Kalman
|
0-0: Ground out 4-3 (Groundball, 34, EV 103.8 MPH)
|
Batting: RHB Elijah Campbell
|
0-0: Ball 1-0: Ball 2-0: Fly out, F7 (Flyball, 7D, EV 91.3 MPH)
|
Batting: RHB Will Leslie
|
0-0: Ball 1-0: Ball 2-0: Ball 3-0: Ground out 4-3 (Groundball, 4, EV 86.3 MPH)
|
Bottom of the 2nd over - 0 runs, 0 hits, 0 errors, 0 left on base; Washington 0 - Chicago 0 |
TOP OF THE 3RD |
Washington Nationals batting - Pitching for Chicago Cubs : RHP Nate Jackson
|
Batting: RHB Mike Blair
|
0-0: Ball 1-0: DOUBLE (Flyball, 78D, EV 101.9 MPH)
|
Batting: RHB Dan Fallon
|
0-0: Ball 1-0: SINGLE (Groundball, 56D, EV 96.9 MPH) Mike Blair to third Runner from 3rd tries for Home, SAFE, throw by LF to home
|
Batting: RHB Masashi Yukizawa
|
0-0: Foul Ball, location: 2F 0-1: Ball 1-1: Ball 2-1: Reached on error, E2 (Groundball, 2L, EV 66.9 MPH) Dan Fallon to third
|
Batting: SHB Andrew Wray II
|
0-0: Fly out, F9 (Flyball, 9S, EV 78.8 MPH)
|
Batting: RHB Luis Torres
|
0-0: Called Strike 0-1: Ball 1-1: Ball 2-1: Ball 3-1: SINGLE (Groundball, 56S, EV 71.3 MPH) (infield hit) Dan Fallon scores Masashi Yukizawa to third
|
Batting: RHB C.J. Beavers
|
0-0: Ball 1-0: Ball 2-0: Swinging Strike 2-1: Foul Ball, location: 2F 2-2: Ground out 6-3 (Groundball, 6, EV 106.3 MPH) Masashi Yukizawa scores Luis Torres to second
|
Batting: LHB Seth Cook
|
0-0: Ball 1-0: Ball 2-0: Ball 3-0: Called Strike 3-1: Base on Balls
|
Batting: LHB Armando Carbajal
|
0-0: Called Strike 0-1: Ground out 1-3 (Groundball, 34S, EV 65.6 MPH)
|
Top of the 3rd over - 3 runs, 3 hits, 1 error, 2 left on base; Washington 3 - Chicago 0 |
BOTTOM OF THE 3RD |
Chicago Cubs batting - Pitching for Washington Nationals : RHP Reece Nichols
|
Batting: SHB Art Kent
|
0-0: Called Strike 0-1: Called Strike 0-2: Fly out, F7 (Flyball, 7, EV 88.8 MPH)
|
Batting: RHB Steve Bui
|
0-0: Called Strike 0-1: Ball 1-1: Called Strike 1-2: Foul Ball, location: 2F 1-2: Ground out 1-3 (Groundball, 15S, EV 69.4 MPH)
|
Batting: RHB Adam O'Hare
|
0-0: Ball 1-0: Foul Ball, location: 2F 1-1: Foul Ball, location: 2F 1-2: SOLO HOME RUN (Flyball, 9LD, EV 95.0 MPH), Distance : 372 ft
|
Batting: RHB Yasuhide Kasahara
|
0-0: Called Strike 0-1: Swinging Strike 0-2: Ball 1-2: Ground out 5-3 (Groundball, 56, EV 101.9 MPH)
|
Bottom of the 3rd over - 1 run, 1 hit, 0 errors, 0 left on base; Washington 3 - Chicago 1 |
TOP OF THE 4TH |
Washington Nationals batting - Pitching for Chicago Cubs : RHP Nate Jackson
|
Batting: RHB Tommy Baird
|
0-0: Called Strike 0-1: Foul Ball, location: 2F 0-2: Ball 1-2: Ball 2-2: SINGLE (Groundball, 6MD, EV 93.8 MPH)
|
Batting: RHB Mike Blair
|
0-0: Ball 1-0: SINGLE (Groundball, 34D, EV 104.4 MPH) Tommy Baird to second Runner from 2nd tries for 3rd, SAFE, throw by RF made to third
|
Batting: RHB Dan Fallon
|
0-0: Called Strike 0-1: Ball Pickoff Throw to First - Out! 1-3 1-1: SINGLE (Groundball, 34D, EV 111.3 MPH) Tommy Baird scores
|
Batting: RHB Masashi Yukizawa
|
0-0: Fly out, F8 (Flyball, 8LD, EV 91.9 MPH)
|
Batting: SHB Andrew Wray II
|
0-0: Called Strike 0-1: Called Strike 0-2: SINGLE (Groundball, 4MD, EV 111.3 MPH) Dan Fallon to second
|
Batting: RHB Luis Torres
|
0-0: Called Strike 0-1: Fly out, F8 (Flyball, 89M, EV 79.4 MPH)
|
Top of the 4th over - 1 run, 4 hits, 0 errors, 2 left on base; Washington 4 - Chicago 1 |
BOTTOM OF THE 4TH |
Chicago Cubs batting - Pitching for Washington Nationals : RHP Reece Nichols
|
Batting: LHB Kevin Norton
|
0-0: Called Strike 0-1: Ball 1-1: Ball 2-1: Ball 3-1: Fly out, F7 (Flyball, 78S, EV 88.8 MPH)
|
Batting: RHB Efrain Vargas
|
0-0: Swinging Strike 0-1: Ball 1-1: Ground out 6-3 (Groundball, 6, EV 102.5 MPH)
|
Batting: RHB Josh Kalman
|
0-0: Called Strike 0-1: Called Strike 0-2: Ball 1-2: Strikes out swinging
|
Bottom of the 4th over - 0 runs, 0 hits, 0 errors, 0 left on base; Washington 4 - Chicago 1 |
TOP OF THE 5TH |
Washington Nationals batting - Pitching for Chicago Cubs : RHP Nate Jackson
|
Batting: RHB C.J. Beavers
|
0-0: Called Strike 0-1: Called Strike 0-2: Foul Ball, location: 2F 0-2: Ball 1-2: Ball 2-2: SINGLE (Flyball, 7LS, EV 90.0 MPH)
|
Batting: LHB Seth Cook
|
0-0: Ball 1-0: Called Strike 1-1: Ball 2-1: Ball 3-1: Foul Ball, location: 2F 3-2: Fly out, F8 (Flyball, 78M, EV 89.4 MPH)
|
Batting: LHB Armando Carbajal
|
0-0: 2-RUN HOME RUN (Flyball, 9D, EV 95.6 MPH), Distance : 374 ft
|
Pitching: RHP Chris Ray
|
|
Batting: RHB Tommy Baird
|
0-0: Ball 1-0: Foul Ball, location: 2F 1-1: Ball 2-1: Ball 3-1: Called Strike 3-2: Base on Balls
|
Batting: RHB Mike Blair
|
0-0: Ball 1-0: Ball 2-0: Ball 3-0: Called Strike 3-1: Base on Balls Tommy Baird to second
|
Batting: RHB Dan Fallon
|
0-0: Ball Tommy Baird steals 3rd base Mike Blair to second 1-0: Foul Ball, location: 2F 1-1: Fly out, F9 (Flyball, 9LS, EV 75.0 MPH)
|
Batting: RHB Masashi Yukizawa
|
0-0: Swinging Strike 0-1: Ball 1-1: Foul Ball, location: 2F 1-2: Strikes out swinging
|
Top of the 5th over - 2 runs, 2 hits, 0 errors, 2 left on base; Washington 6 - Chicago 1 |
BOTTOM OF THE 5TH |
Chicago Cubs batting - Pitching for Washington Nationals : RHP Reece Nichols
|
Batting: RHB Elijah Campbell
|
0-0: Called Strike 0-1: Ball 1-1: Called Strike 1-2: Ball 2-2: Foul Ball, location: 2F 2-2: DOUBLE (Flyball, 78D, EV 113.8 MPH)
|
Batting: RHB Will Leslie
|
0-0: Ball 1-0: Ball 2-0: Ball 3-0: Called Strike 3-1: Called Strike 3-2: Foul Ball, location: 2F 3-2: Fly out, F6 (Popup, 6M, EV 58.8 MPH)
|
Batting: SHB Art Kent
|
0-0: Ball 1-0: Called Strike 1-1: Swinging Strike 1-2: Ball 2-2: Strikes out swinging
|
Batting: RHB Steve Bui
|
0-0: Swinging Strike 0-1: Called Strike 0-2: Ball 1-2: Ball 2-2: Foul Ball, location: 2F 2-2: Foul Ball, location: 2F 2-2: Strikes out swinging
|
Bottom of the 5th over - 0 runs, 1 hit, 0 errors, 1 left on base; Washington 6 - Chicago 1 |
TOP OF THE 6TH |
Washington Nationals batting - Pitching for Chicago Cubs : RHP Chris Ray
|
Batting: SHB Andrew Wray II
|
0-0: Ball 1-0: Ball 2-0: Foul Ball, location: 2F 2-1: Foul Ball, location: 2F 2-2: Strikes out swinging
|
Batting: RHB Luis Torres
|
0-0: Ball 1-0: Called Strike 1-1: Called Strike 1-2: SINGLE (Groundball, 56D, EV 111.9 MPH)
|
Batting: RHB C.J. Beavers
|
0-0: Ball 1-0: Foul Ball, location: 2F 1-1: Ball 2-1: Ball 3-1: Base on Balls Luis Torres to second
|
Batting: LHB Seth Cook
|
0-0: Ball 1-0: Fly out, F7 (Flyball, 7LS, EV 80.0 MPH)
|
Batting: LHB Armando Carbajal
|
0-0: Foul Ball, location: 2F 0-1: Ball 1-1: Ball 2-1: SINGLE (Line Drive, 34D, EV 101.9 MPH) Luis Torres to third C.J. Beavers to second Runner from 3rd tries for Home, SAFE, throw by RF to home
|
Batting: RHB Tommy Baird
|
0-0: Ground out 5-3 (Groundball, 56S, EV 90.6 MPH)
|
Top of the 6th over - 1 run, 2 hits, 0 errors, 2 left on base; Washington 7 - Chicago 1 |
BOTTOM OF THE 6TH |
Chicago Cubs batting - Pitching for Washington Nationals : RHP Reece Nichols
|
Batting: RHB Adam O'Hare
|
0-0: Ball 1-0: Called Strike 1-1: Ball 2-1: Foul Ball, location: 2F 2-2: Fly out, F3 (Flyball, 3D, EV 90.6 MPH)
|
Batting: RHB Yasuhide Kasahara
|
0-0: Swinging Strike 0-1: Ball 1-1: Ball 2-1: SINGLE (Line Drive, 5D, EV 94.4 MPH)
|
Batting: LHB Kevin Norton
|
0-0: Ball 1-0: Grounds into double play, 4-6-3 (Groundball, 4, EV 81.3 MPH)
|
Bottom of the 6th over - 0 runs, 1 hit, 0 errors, 0 left on base; Washington 7 - Chicago 1 |
TOP OF THE 7TH |
Washington Nationals batting - Pitching for Chicago Cubs : RHP Chris Ray
|
Batting: RHB Mike Blair
|
0-0: Ball 1-0: Foul Ball, location: 2F 1-1: Foul Ball, location: 2F 1-2: Strikes out swinging
|
Batting: RHB Dan Fallon
|
0-0: SINGLE (Line Drive, 89S, EV 108.1 MPH)
|
Pitching: RHP Rich Ortega
|
|
Batting: RHB Masashi Yukizawa
|
0-0: Ball Dan Fallon steals 2nd, throwing error, E2 Dan Fallon to third 1-0: Called Strike 1-1: Ball 2-1: Ground out 1-3 (Groundball, 13S, EV 63.1 MPH)
|
Batting: SHB Andrew Wray II
|
0-0: Ball 1-0: Ball 2-0: Swinging Strike 2-1: Foul Ball, location: 2F 2-2: Strikes out swinging
|
Top of the 7th over - 0 runs, 1 hit, 1 error, 1 left on base; Washington 7 - Chicago 1 |
BOTTOM OF THE 7TH |
Chicago Cubs batting - Pitching for Washington Nationals : RHP Reece Nichols
|
Batting: RHB Efrain Vargas
|
0-0: Ground out 3-1 (Groundball, 34, EV 82.5 MPH)
|
Batting: RHB Josh Kalman
|
0-0: Ball 1-0: Called Strike 1-1: Swinging Strike 1-2: Fly out, F8 (Line Drive, 8LD, EV 103.1 MPH)
|
Batting: RHB Elijah Campbell
|
0-0: Swinging Strike 0-1: Foul Ball, location: 2F 0-2: Strikes out swinging
|
Bottom of the 7th over - 0 runs, 0 hits, 0 errors, 0 left on base; Washington 7 - Chicago 1 |
TOP OF THE 8TH |
Washington Nationals batting - Pitching for Chicago Cubs : RHP Rich Ortega
|
Batting: RHB Luis Torres
|
0-0: Foul Ball, location: 2F 0-1: Swinging Strike 0-2: Ball 1-2: Ground out 6-3 (Groundball, 6, EV 81.9 MPH)
|
Batting: RHB C.J. Beavers
|
0-0: Called Strike 0-1: Swinging Strike 0-2: Ground out 6-3 (Groundball, 6, EV 82.5 MPH)
|
Batting: LHB Seth Cook
|
0-0: Called Strike 0-1: Called Strike 0-2: Ball 1-2: Ball 2-2: Ground out U3 (Groundball, 3L, EV 85.0 MPH)
|
Top of the 8th over - 0 runs, 0 hits, 0 errors, 0 left on base; Washington 7 - Chicago 1 |
BOTTOM OF THE 8TH |
Chicago Cubs batting - Pitching for Washington Nationals : RHP Reece Nichols
|
Batting: RHB Will Leslie
|
0-0: Ball 1-0: Ball 2-0: Foul Ball, location: 2F 2-1: Swinging Strike 2-2: Strikes out swinging
|
Batting: SHB Art Kent
|
0-0: Ball 1-0: Fly out, F7 (Flyball, 78S, EV 86.3 MPH)
|
Batting: RHB Steve Bui
|
0-0: Foul Ball, location: 2F 0-1: Swinging Strike 0-2: Fly out, F7 (Flyball, 7D, EV 77.5 MPH)
|
Bottom of the 8th over - 0 runs, 0 hits, 0 errors, 0 left on base; Washington 7 - Chicago 1 |
TOP OF THE 9TH |
Washington Nationals batting - Pitching for Chicago Cubs : RHP Rich Ortega
|
Batting: LHB Armando Carbajal
|
0-0: Called Strike 0-1: Ball 1-1: Foul Ball, location: 2F 1-2: Ball 2-2: Ground out 4-3 (Groundball, 4, EV 88.8 MPH)
|
Batting: RHB Tommy Baird
|
0-0: Ball 1-0: Fly out, F9 (Line Drive, 9, EV 91.3 MPH)
|
Batting: RHB Mike Blair
|
0-0: Ball 1-0: Swinging Strike 1-1: Called Strike 1-2: Ground out 4-3 (Groundball, 4, EV 87.5 MPH)
|
Top of the 9th over - 0 runs, 0 hits, 0 errors, 0 left on base; Washington 7 - Chicago 1 |
BOTTOM OF THE 9TH |
Chicago Cubs batting - Pitching for Washington Nationals : RHP Reece Nichols
|
Batting: RHB Adam O'Hare
|
0-0: Foul Ball, location: 2F 0-1: SINGLE (Groundball, 56D, EV 105.0 MPH)
|
Batting: RHB Yasuhide Kasahara
|
0-0: Ball 1-0: Ball Wild Pitch! Adam O'Hare to second 2-0: Ground out U3 (Groundball, 34, EV 97.5 MPH) Adam O'Hare to third
|
Batting: LHB Kevin Norton
|
0-0: Foul Ball, location: 2F 0-1: Foul Ball, location: 2F 0-2: Ground out U3 (Groundball, 34, EV 86.3 MPH) Adam O'Hare scores
|
Batting: RHB Efrain Vargas
|
0-0: Foul Ball, location: 2F 0-1: SINGLE (Line Drive, 3D, EV 95.0 MPH)
|
Batting: RHB Josh Kalman
|
0-0: Fly out, F5 (Popup, 56S, EV 64.4 MPH)
|
Bottom of the 9th over - 1 run, 2 hits, 0 errors, 1 left on base; Washington 7 - Chicago 2 |
|